 Dungeon Crawl Stone Soup version 0.28.0-53-g5a82cb258f (webtiles) character file.

Game seed: 3180458272643494036

4 avis the Caller (level 1, 0/7 HPs)
             Began as a Felid Summoner on Aug 8, 2022.
             Slain by a goblin
             ... wielding a +0 dagger
              (3 damage)
             ... on level 1 of the Dungeon.
             The game lasted 00:01:37 (106 turns).

avis the Caller (Felid Summoner)                     Turns: 106, Time: 00:01:38

Health: 0/7        AC:  1    Str:  4    XL:     1   Next: 50%
Magic:  2/4        EV: 17    Int: 16    God:
Gold:   0          SH:  0    Dex: 16    Spells: 3/4 levels left
                                        Lives:  0   Deaths: 0

rFire   . . .      SeeInvis +   (weapon unavailable)
rCold   . . .      Faith    .   (shield unavailable)
rNeg    . . .      Spirit   .   (armour unavailable)
rPois   .          Reflect  .   (helmet unavailable)
rElec   .          Harm     .   (cloak unavailable)
rCorr   .          Rampage  .   (gloves unavailable)
Will    .....                   (boots unavailable)
Stlth   ++........              (no amulet)
HPRegen 0.02/turn               (no ring)
MPRegen 0.09/turn               (no ring)

@: quick
A: very small, claws 1, fangs 3, see invisible, speed 1, shaggy fur 1, stealthy
paws, no weapons or thrown items, no armour, multi-lived
a: no special abilities


You were on level 1 of the Dungeon.
You visited 1 branch of the dungeon, and saw 1 of its levels.

You aren't carrying anything.


   Skills:
 - Level 2.6 Dodging
 - Level 2.6 Stealth
 + Level 2.1 Spellcasting
 * Level 4.1 Summonings


You had 3 spell levels left.
You knew the following spells:

 Your Spells              Type           Power      Damage    Failure   Level
a - Summon Small Mammal   Summ           60%        N/A       3%          1

Your spell library contained the following spells:

 Spells                   Type           Power      Damage    Failure   Level
 Call Imp                 Summ           15%        N/A       5%          2
 Call Canine Familiar     Summ           15%        N/A       11%         3
 Summon Guardian Golem    Hex/Summ       8%         N/A       26%         3
 Summon Lightning Spire   Summ/Air       8%         N/A       65%         4


Dungeon Overview and Level Annotations

Branches:
Dungeon (1/15)

Altars:


Innate Abilities, Weirdness & Mutations

You have sharp claws.
You have razor-sharp teeth.
You have supernaturally acute eyesight. (SInv)
You cover ground quickly. (Speed+)
You are covered in fur. (AC +1)
Your paws help you pounce on unaware monsters.
You are incapable of wielding weapons or throwing items.
You cannot wear armour.
You gain extra lives every three experience levels.


Message History

Your rat dies!
Your rat's corpse disappears in a puff of smoke!
Your rat misses the ball python.
Casting: Summon Small Mammal (safe; 4% risk of failure)
Confirm with . or Enter, or press ? or * to list all spells.
Your rat closely misses the ball python.
The ball python misses you. The ball python grabs you.
The ball python constricts you.
You escape the ball python's grasp.
You swap places.
Something hits your rat.
Your rat bites the ball python.
The ball python dies!
You swap places.
The bat misses you.
Your rat closely misses the bat.
You swap places.
The bat barely misses you. The bat barely misses your rat.
The bat hits your rat but does no damage.
Your quokka closely misses the bat.
Your rat closely misses the bat.
You closely miss the bat. The bat misses you.
The bat hits your rat but does no damage.
Your quokka barely misses the bat.
Your rat misses the bat.
Unknown command.
You scratch the bat.
The bat is moderately wounded.
The bat hits you. The bat hits your quokka.
Your quokka barely misses the bat.
The bat hits your rat.
Your rat barely misses the bat.
You scratch the bat.
You kill the bat!
You start resting.
Something bites your rat.
Your rat dies!
Your rat's corpse disappears in a puff of smoke!
You start resting.
A ball python comes into view.
Casting: Summon Small Mammal (safe; 3% risk of failure)
Confirm with . or Enter, or press ? or * to list all spells.
The ball python bites you. The ball python barely misses you.
Your quokka bites the ball python.
The ball python dies!
Your quokka barely misses the goblin.
You closely miss the goblin.
Your quokka barely misses the goblin.
The goblin hits you with a +0 dagger.
You die...

### #.. ...... #.#
.#... #.. ...b
#.###### ...
#.##...#####.. .
#+#'##.#.#rgr#.# ...
#...##.#.#@#.#.#.....
+.<.'..#r#.#.'.......
#...##.#.#.###.......
#+#+##.#.).# .......
#.##### ....... #..
....... ### .......
....... ......g


You could see a goblin (ally target) and 2 friendly quokkas.

Vanquished Creatures
  A bat (D:1)
1 creature vanquished.

Vanquished Creatures (collateral kills)
  2 ball pythons (D:1)
  A kobold (D:1)
3 creatures vanquished.

Grand Total: 4 creatures vanquished

Notes
Turn   | Place    | Note
-------+----------+-------------------------------------------
     0 | D:1      | avis the Felid Summoner began the quest for the Orb.
     0 | D:1      | Reached XP level 1. HP: 7/7 MP: 4/4
   106 | D:1      | Slain by a goblin

Illustrated notes

Levels and vault maps discovered:
D:1:      nicolae_arrival_somewhat_less_tricky_arrival, layout_rooms,
          dreamdust_ecumenical_altar_hidden_monk_grotto, st_stairs_7,
          minmay_misc_feat_roman, nicolae_concentric_dashed_squares_wild

Action                   || total
-------------------------++-------
Melee: Unarmed           ||     4
 Cast: Summon Small Mamm ||     7
Dodge: Dodged            ||     7
